General information
- name: FEWA
- type: Custom game
- host: 418
- saver: 418
map: TwistedMeadows
- players: 3
- length: 09:31
- speed: Fast
- version: 1.24 W3XP
- replay type: Public
» download(34 KB)
Players
team 1 (winner)

»
418 (
green | 92 APM | 876 actions | 09:31)
3 Archmage
2 Summon Water Elemental
1 Brilliance Aura
2 Beastmaster
1 Summon Quilbeast
1 Summon Hawk
» actions
| Assign group hotkey | 29 | |
| Basic commands | 35 | |
| Build / train | 47 | |
| Enter build submenu | 16 | |
| Enter hero's abilities submenu | 5 | |
| Right click | 394 | |
| Select / deselect | 218 | |
| Select group hotkey | 94 | |
| Use ability | 38 | |
876 total
» units
» upgrades
» buildings
| Altar of Kings | 1 | |
| Barracks | 1 | |
| Farm | 6 | |
| Scout Tower | 3 | |
| Arcane Tower | 1 | |
| Keep | 1 | |
| Arcane Vault | 1 | |
| Lumber Mill | 1 | |
| Guard Tower | 5 | |
20 total
» build order
00:07 Altar of Kings
00:21 Barracks
00:35 Farm
00:44 Farm
01:47 Farm
02:00 Farm
02:05 Scout Tower
02:07 Scout Tower
02:38 Arcane Tower
03:52 Farm
03:53 Keep
04:41 Arcane Vault
05:42 Farm
06:35 Lumber Mill
07:47 Guard Tower
07:56 Scout Tower
08:23 Guard Tower
09:15 Guard Tower
09:17 Guard Tower
09:18 Guard Tower
» items
| Boots of Speed | 1 | |
| Scroll of Regeneration | 1 | |
| Lesser Clarity Potion | 1 | |
| Ivory Tower | 6 | |
| Potion of Healing | 1 | |
10 total
team 2 (loser)
iNfideL. (
blue | 107 APM | 1019 actions | 09:30)
2 Blademaster
1 Wind Walk
1 Critical Strike
1 Shadow Hunter
1 Hex
» actions
| Assign group hotkey | 28 | |
| Basic commands | 31 | |
| Build / train | 40 | |
| ESC pressed | 3 | |
| Enter build submenu | 12 | |
| Enter hero's abilities submenu | 3 | |
| Right click | 345 | |
| Select / deselect | 235 | |
| Select group hotkey | 269 | |
| Use ability | 53 | |
1019 total
» units
» upgrades
| Berserker Strength | 1 | |
| Ensnare | 1 | |
2 total
» buildings
| Altar of Storms | 1 | |
| Orc Burrow | 4 | |
| Barracks | 1 | |
| Voodoo Lounge | 1 | |
| Stronghold | 3 | |
| Beastiary | 1 | |
| Spirit Lodge | 1 | |
12 total
» build order
00:04 Altar of Storms
00:12 Orc Burrow
00:38 Barracks
01:38 Orc Burrow
01:59 Voodoo Lounge
03:12 Stronghold
03:12 Stronghold
03:12 Stronghold
04:25 Orc Burrow
04:47 Orc Burrow
06:24 Beastiary
06:45 Spirit Lodge
» items
| Circlet of Nobility | 1 | |
| Boots of Speed | 4 | |
| Staff of Teleportation | 1 | |
| Lesser Clarity Potion | 2 | |
| Healing Salve | 2 | |
10 total
observersDiAbLo-JoiNt Chat log
(00:06 / All) iNfideL.: gg
(00:28 / All) 418: SURPRISED YOU DONT WANT THE IMBA ORC VS UD MATCHUP
(00:36 / All) iNfideL.: love me a noob RT solo match
(01:03 / All) iNfideL.: gonna need you to cry more at the end though, pl0x
(01:15 / All) 418: I DONT KNOW WHY YOU THINK I WOULD CRY
(01:26 / All) iNfideL.: cause your caps lock is on, kiddo
(01:34 / All) iNfideL.: so you're gonna cry more, capiche?
(01:37 / All) 418: YOU CAN STOP USING THAT AS A NAME-CALL INSULT
(01:49 / All) iNfideL.: hush kiddo
(01:58 / All) 418: IT WASNT REALLY CLEVER THE FIRST TIME IM TRYING TO HELP YOU
(02:11 / All) iNfideL.: that's a lot of tears, bro
(02:12 / All) iNfideL.: thank you.
(02:16 / All) 418: OK
(03:15 / All) iNfideL.: ur so bad
(03:16 / All) iNfideL.: rofl
(03:18 / All) 418: K
(04:35 / All) 418: GOOD CANCEL
(04:40 / All) iNfideL.: thx.
(05:26 / All) 418: CAREFUL
(05:30 / All) 418: YOU MIGHT LOSE SHIT LOL
(05:42 / All) iNfideL.: it's ok kiddo
(05:46 / All) 418: WHYS THAT
(06:04 / All) 418: DO TELL
(06:11 / All) iNfideL.: a girl never tells
(06:20 / All) 418: WHY NOT
(07:10 / All) 418: SHOOBY DOOBY DOO
(07:29 / All) 418: SMALL ARMY
(07:38 / All) 418: THAT MIHGT SUCK LOL
(07:54 / All) 418: CLOSE GAME
(08:00 / All) 418: TRY KILLING MORE THAN A FEW UNITS
(08:31 / All) 418: YOU CAN LEAVE
(08:35 / All) iNfideL.: cry more?
(08:39 / All) 418: YES I CRY OVER WINNING
(08:44 / All) 418: WAAAH I RAPED YOU
(09:23 / All) 418: CHASE HIM MORE
(09:24 / All) 418: YOU MIGHT GET HIM
(09:27 / All) 418: THATLL WIN THE GAME
(09:30 / All) 418: LALALALALA